 Dungeon Crawl Stone Soup version 0.31-a0-1272-g9f703e4c1d (webtiles) character file.

Game seed: 13803737286333580251

15283 TheViccler the Unseen (level 12, -10/80 HPs)
             Began as a Kobold Brigand on Dec 17, 2023.
             Succumbed to a +6 hand axe of venom's poison
             ... on level 1 of the Elven Halls.
             The game lasted 00:51:48 (8259 turns).

TheViccler the Unseen (Kobold Brigand)              Turns: 8259, Time: 00:51:49

Health: -10/80     AC: 14    Str: 10    XL:     12   Next: 55%
Magic:  12/12      EV: 25    Int: 18    God:
Gold:   1055       SH:  0    Dex: 25    Spells: 11/11 levels left

rFire   + . .        K - +4 dagger (distort)
rCold   . . .        (no shield)
rNeg    . . .        Q - +0 steam dragon scales
rPois   .            O - +2 hat of Sinn {rElec}
rElec   +            c - +0 cloak
rCorr   .            g - +0 pair of gloves
SInv    +            L - +0 pair of boots
Will    .....        B - amulet of regeneration
Stlth   ++++++++     f - ring "Coag" {rF+ AC+4 Dex+5 SInv}
HPRegen 1.13/turn    H - +6 ring of intelligence
MPRegen 0.13/turn

%: no passive effects
@: lethally poisoned (-10 -> -62)
A: small, no large weapons, nightstalker 3
a: no special abilities


You were on level 1 of the Elven Halls.
You visited 4 branches of the dungeon, and saw 13 of its levels.
You also visited: Ossuary.

You collected 1055 gold pieces.

Inventory:

Hand Weapons
 a - a +2 dagger
 j - a +0 rapier
 k - a +1 dagger of venom
 n - a +2 quick blade of draining
 K - a +4 dagger of distortion (weapon)
Missiles
 d - 35 poisoned darts
 e - 3 curare-tipped darts (quivered)
Armour
 b - a +0 robe
 c - a +0 cloak (worn)
 g - a +0 pair of gloves (worn)
 C - a +0 pair of gloves
 L - a +0 pair of boots (worn)
 M - a +2 robe of resistance
 O - the +2 hat of Sinn (worn) {rElec}
   (You found it on level 7 of the Dungeon)

   rElec:     It insulates you from electricity.
 P - a +1 hat
 Q - +0 steam dragon scales (worn)
Jewellery
 f - the ring "Coag" (left hand) {rF+ AC+4 Dex+5 SInv}
   (You acquired it on level 2 of the Dungeon)

   [ring of protection]

   AC+4:      It affects your AC (+4).
   Dex+5:     It affects your dexterity (+5).
   rF+:       It protects you from fire.
   SInv:      It lets you see invisible.
 l - an amulet of guardian spirit
 B - an amulet of regeneration (around neck)
 H - a +6 ring of intelligence (right hand)
Wands
 i - a wand of quicksilver (15)
 E - a wand of paralysis (14)
 I - a wand of iceblast (15)
Scrolls
 o - a scroll of revelation
 y - 3 scrolls of teleportation
 D - a scroll of torment
 F - a scroll of poison
 G - a scroll of fear
 J - 3 scrolls of immolation
 N - a scroll of enchant weapon {unknown}
Potions
 p - 3 potions of curing
 q - 2 potions of resistance
 r - a potion of brilliance
 s - 2 potions of haste
 t - a potion of cancellation {unknown}
 u - 3 potions of lignification
 v - 2 potions of ambrosia
 w - a potion of attraction {unknown}
 x - 2 potions of might
 z - a potion of mutation {unknown}
 A - a potion of experience {unknown}
 R - a potion of enlightenment {unknown}


   Skills:
 * Level 11.7 Fighting
 - Level 12.4 Short Blades
 - Level 2.1 Throwing
 * Level 10.6 Dodging
 + Level 15.6 Stealth


You had 11 spell levels left.
You didn't know any spells.
Your spell library contained the following spells:

 Spells                   Type           Power      Damage    Failure   Level
 Freeze                   Ice            0%         1d3       22%         1
 Cigotuvi's Dreadful Rot  Necr/Pois/Air  0%         N/A       32%         2
 Frozen Ramparts          Ice            0%         1d1       54%         3
 Hailstorm                Conj/Ice       0%         3d5       54%         3
 Dispel Undead            Necr           0%         3d6       91%         4
 Death Channel            Necr           0%         N/A       100%        6


Dungeon Overview and Level Annotations

Branches:
Dungeon (9/15)             Temple (1/1) D:7            Lair (0/5) D:8
    Orc (2/2) D:9             Elf (1/3) Orc:2       Ossuary (visited)

Altars:
Ashenzari
Cheibriados
Dithmenos
Elyvilon
Fedhas
Gozag
Hepliaklqana
Kikubaaqudgha
Makhleb
Nemelex Xobeh
Okawaru
Qazlal
Ru
Sif Muna
Trog
Uskayaw
Vehumet
Xom
Yredelemnul
The Shining One

Shops:
D:5 =   D:6 (

Annotations:
Orc:2 2 transporters, pzskc383's ghost, journeyman GrFi


Innate Abilities, Weirdness & Mutations

You are small and have problems with some larger weapons.
You are completely attuned to the shadows.


Message History

The deep elf knight is heavily wounded.
You feel sick. The +6 hand axe of venom hits you!
You are more poisoned.
You hit the deep elf knight.
Space warps around the deep elf knight.
The deep elf knight is severely wounded.
You feel very sick.
The deep elf knight casts a spell.
The deep elf knight seems to speed up.
You barely miss the deep elf knight. Your punch misses the deep elf knight.
The deep elf knight is severely wounded.
You feel very sick. The +6 hand axe of venom hits you.
You are more poisoned.
You hit the deep elf knight.
Space warps around the deep elf knight.
The deep elf knight is almost dead.
You feel very sick. The deep elf knight misses you.
The +6 hand axe of venom hits you!
You are lethally poisoned!
You are too injured to fight recklessly!
As you read the scroll of fear, it crumbles to dust.
You assume a fearsome visage.
The +6 hand axe of venom is unaffected.
The deep elf knight looks frightened!
* * * LOW HITPOINT WARNING * * *
You feel extremely sick.
The deep elf knight gestures wildly while chanting.
The deep elf knight flickers and vanishes for a moment.
The +6 hand axe of venom hits you.
* * * LOW HITPOINT WARNING * * *
The deep elf knight howls, "Help!"
The +6 hand axe of venom hits you!
* * * LOW HITPOINT WARNING * * *
You are more poisoned.
Blink to where?
Press: ? - help, Dir - move target
Okay, then.
Unknown command.
Blink to where?
Press: ? - help, Dir - move target
As you read the scroll of blinking, it crumbles to dust.
You die...

.........#.#
.........#.#
.........#.#
.........###
.........# ..#
....##..## #..#
...###.##.. ##..##
..## ###....#....##
.######.........@.#
....##..#...#...#..#
.##.)).###.###.###..+
.#####.)#..(#...#..##
.# ##.)...ยง)....## #
##....#....
##..###e.# ##..# .##
##... #


There were no monsters in sight!

Vanquished Creatures
  3 dancing weapons (Elf:1)
  A two-headed ogre (D:8)
  Nergalle (Orc:1)
  Amaemon (D:9)
  A deep elf archer (Elf:1)
  An orc knight (Orc:1)
  3 deep elf pyromancers (Elf:1)
  3 deep elf zephyrmancers (Elf:1)
  An orange demon (D:9)
  A rime drake (D:8)
  Psyche (D:9)
  2 trolls
  2 hornets
  An air elemental (Elf:1)
  2 water elementals (Elf:1)
  Eustachio (D:6)
  A spriggan (D:7)
  A wyvern (D:9)
  A wraith (D:6)
  4 yaks (D:9)
  2 steam dragons (D:8)
  A water moccasin (D:5)
  Duvessa (D:6)
  An acid dragon (D:5)
  A sky beast (D:6)
  4 ice beasts
  6 orc warriors
  4 ogres
  A black bear (D:7)
  3 centaurs
  3 wolves (D:8)
  2 phantoms
  3 kobold brigands
  2 bullfrogs
  4 scorpions
  6 wights
  Dowan (D:6)
  A howler monkey (D:5)
  5 orc priests
  A jelly (D:6)
  4 hounds
  2 gnoll boudas
  A sleepcap (D:7)
  3 iguanas
  8 orc wizards
  8 mummies (Ossuary)
  8 gnolls
  13 adders
  A shadow imp (D:8)
  A white imp (D:5)
  2 ufetubi (D:5)
  2 worms
  4 dart slugs
  14 orcs
  4 endoplasms
  A giant cockroach (D:2)
  6 goblins
  4 hobgoblins
  3 jackals (D:1)
  22 kobolds
  5 quokkas
  6 ball pythons
  4 bats
  3 frilled lizards
  5 hobgoblin zombies (Ossuary)
  A kobold zombie (Ossuary)
  2 orc zombies (Ossuary)
  4 rats
225 creatures vanquished.

Notes
Turn   | Place    | Note
-------+----------+-------------------------------------------
     0 | D:1      | TheViccler the Kobold Brigand began the quest for the Orb.
     0 | D:1      | Reached XP level 1. HP: 12/12 MP: 1/1
   119 | D:1      | Reached XP level 2. HP: 10/17 MP: 2/2
   809 | D:1      | Reached XP level 3. HP: 21/21 MP: 3/3
   856 | D:2      | Reached skill level 6 in Stealth
   980 | D:2      | Reached XP level 4. HP: 19/26 MP: 4/4
  1346 | D:2      | Identified a scroll of acquirement
  1346 | D:2      | Acquired the ring "Coag" {rF+ AC+4 Dex+5 SInv}
  1693 | D:3      | Found a faded altar of an unknown god.
  1767 | D:3      | You fall into a shaft and drop 1 floor!
  1878 | D:4      | Reached skill level 7 in Stealth
  1878 | D:4      | Reached XP level 5. HP: 30/30 MP: 5/5
  1885 | D:4      | Reached skill level 5 in Short Blades
  1975 | D:4      | Acquired a +2 quick blade of draining
  2072 | D:4      | Reached XP level 6. HP: 35/35 MP: 6/6
  2105 | D:4      | Found a sand-covered staircase.
  2127 | Ossuary  | Entered an ossuary
  2241 | Ossuary  | Reached skill level 8 in Stealth
  2520 | D:4      | Reached XP level 7. HP: 34/40 MP: 7/7
  3101 | D:5      | Entered Level 5 of the Dungeon
  3107 | D:5      | Noticed a water moccasin
  3110 | D:5      | Killed a water moccasin
  3136 | D:5      | Found Vaxiaw's Jewellery Shop.
  3185 | D:5      | Reached XP level 8. HP: 46/46 MP: 8/8
  3285 | D:5      | Reached skill level 9 in Stealth
  3781 | D:5      | Found a hide-covered altar of Uskayaw.
  4076 | D:6      | Noticed Eustachio
  4080 | D:6      | Killed Eustachio
  4081 | D:6      | Reached skill level 5 in Fighting
  4081 | D:6      | Reached skill level 10 in Stealth
  4089 | D:6      | Reached XP level 9. HP: 54/54 MP: 9/9
  4097 | D:6      | Found a broken altar of Ashenzari.
  4244 | D:6      | Reached skill level 10 in Short Blades
  4372 | D:6      | Noticed a troll
  4409 | D:6      | Reached skill level 11 in Stealth
  4417 | D:6      | Killed a troll
  4529 | D:6      | Found Lythysui's Antique Weapon Shop.
  4560 | D:6      | Noticed Dowan
  4565 | D:6      | Noticed Duvessa
  4567 | D:6      | Killed Dowan
  4571 | D:6      | Killed Duvessa
  4626 | D:6      | Found a shimmering altar of Xom.
  4627 | D:6      | Found a shimmering altar of Xom.
  4627 | D:6      | Found a shimmering altar of Xom.
  4627 | D:6      | Found a shimmering altar of Xom.
  4628 | D:6      | Found a shimmering altar of Xom.
  4629 | D:6      | Found a shimmering altar of Xom.
  4631 | D:6      | Found a shimmering altar of Xom.
  4691 | D:6      | Reached skill level 12 in Stealth
  5170 | D:7      | Found a staircase to the Ecumenical Temple.
  5177 | Temple   | Entered the Ecumenical Temple
  5315 | D:7      | Found a glowing golden altar of the Shining One.
  5315 | D:7      | Found a radiant altar of Vehumet.
  5582 | D:7      | Reached XP level 10. HP: 45/61 MP: 10/10
  6020 | D:7      | Reached skill level 13 in Stealth
  6139 | D:7      | Identified the +2 hat of Sinn {rElec}
  6575 | D:8      | Noticed a rime drake
  6600 | D:8      | Killed a rime drake
  6617 | D:8      | Found a staircase to the Lair.
  6620 | D:8      | Noticed a two-headed ogre
  6685 | D:8      | Killed a two-headed ogre
  6686 | D:8      | Reached skill level 5 in Dodging
  6869 | D:8      | Reached skill level 14 in Stealth
  6869 | D:8      | Reached XP level 11. HP: 68/68 MP: 11/11
  6989 | D:9      | Noticed Psyche
  6995 | D:9      | Killed Psyche
  7011 | D:9      | Noticed Amaemon
  7016 | D:9      | Killed Amaemon
  7078 | D:9      | Found an opulent altar of Gozag.
  7224 | D:9      | Found a staircase to the Orcish Mines.
  7254 | Orc:1    | Entered Level 1 of the Orcish Mines
  7285 | Orc:1    | Noticed an orc knight
  7302 | Orc:1    | Killed an orc knight
  7349 | Orc:1    | Reached skill level 15 in Stealth
  7493 | Orc:1    | Noticed Nergalle
  7542 | Orc:1    | Killed Nergalle
  7543 | Orc:1    | Reached skill level 10 in Fighting
  7737 | Orc:2    | Entered Level 2 of the Orcish Mines
  7745 | Orc:2    | Found a transporter.
  7747 | Orc:2    | Noticed pzskc383's ghost (journeyman GrFi)
  7750 | Orc:2    | Noticed a moth of wrath
  7826 | Orc:2    | Found a transporter.
  7838 | Orc:2    | Found a staircase to the Elven Halls.
  7848 | Orc:2    | Noticed an ettin
  7855 | Elf:1    | Entered Level 1 of the Elven Halls
  7857 | Elf:1    | Noticed a deep elf pyromancer
  7857 | Elf:1    | Noticed a deep elf pyromancer
  7866 | Elf:1    | Noticed a deep elf pyromancer
  7876 | Elf:1    | Killed a deep elf pyromancer
  7882 | Elf:1    | Killed a deep elf pyromancer
  7902 | Elf:1    | Killed a deep elf pyromancer
  7903 | Elf:1    | Reached XP level 12. HP: 79/79 MP: 12/12
  7972 | Elf:1    | Noticed a +0 long sword of electrocution
  7982 | Elf:1    | Killed a +0 long sword of electrocution
  8085 | Elf:1    | Noticed a +2 scimitar of holy wrath
  8099 | Elf:1    | Killed a +2 scimitar of holy wrath
  8172 | Elf:1    | Noticed a +1 short sword of venom
  8178 | Elf:1    | Reached skill level 10 in Dodging
  8187 | Elf:1    | Paralysed by an air elemental for 1 turns
  8189 | Elf:1    | Noticed a deep elf knight
  8191 | Elf:1    | Killed a +1 short sword of venom
  8226 | Elf:1    | Noticed a +6 hand axe of venom
  8258 | Elf:1    | HP: 3/80 [+6 hand axe of venom (8)]
  8259 | Elf:1    | Succumbed to a +6 hand axe of venom's poison

Illustrated notes

Levels and vault maps discovered:
D:1:      erik_arrival_triangle_small, layout_basic
D:2:      layout_basic
D:3:      layout_rooms, hellmonk_ecumenical_altar_run_dry,
          uniq_crazy_yiuf_cottage
D:4:      layout_basic, nicolae_ossuary_entry_monument, portal_sewer_entry_d,
          minmay_three_crescents
D:5:      layout_basic, general_overflow_altar, serial_shops, shop,
          saegor_snake_ambush
D:6:      kennysheep_big_flooded_room, layout_basic,
          nicolae_ashenzari_panopticon, xom_redecorated, serial_shops, shop,
          uniq_duvessa, uniq_eustachio
D:7:      layout_loops_cross, jmf_multi_god_temple,
          minmay_temple_entry_statues_fountains, corexii_corridor_pit,
          the_hattery
D:8:      layout_rooms, hellmonk_lair_entry_icy
D:9:      layout_basic, mainiacjoe_overflow_alcove_1,
          mainiacjoe_overflow_brackets, orc_0_dummy, uniq_amaemon, uniq_psyche
Temple:   nicolae_temple_two_arcs
Orc:1:    layout_diamond_mine, minmay_orc_temple_a, uniq_nergalle
Orc:2:    st_orc_mages, layout_diamond_mine, gammafunk_ghost_berserking_beasts,
          serial_shops, shop
Elf:1:    nicolae_elf_arrival_fired_up, layout_loops_cross,
          nicolae_elf_crossing_hall

Skill      XL: |  1  2  3  4  5  6  7  8  9 10 11 12 |
---------------+-------------------------------------+-----
Short Blades   | 3 4 5 7 8 9 11 12 | 12.4
Stealth        | 6 7 8 10 12 14 15 | 15.6
Fighting       | 3 5 6 8 10 11 | 11.7
Dodging        | 5 9 10 | 10.6
Throwing       | |  2.1

Action                     |  1- 3 |  4- 6 |  7- 9 | 10-12 || total
---------------------------+-------+-------+-------+-------++-------
  Melee: Dagger            |    57 |    63 |       |   191 ||   311
         Quick blade       |       |   111 |   263 |   246 ||   620
         Punch             |       |     5 |     2 |     7 ||    14
  Throw: Dart              |       |     7 |     2 |     5 ||    14
         Throwing net      |       |     1 |     1 |     2 ||     4
  Evoke: Wand              |       |       |       |     1 ||     1
    Use: Scroll            |       |     6 |     5 |     3 ||    14
         Potion            |       |     4 |     2 |     3 ||     9
   Stab: Sleeping          |    14 |    12 |    28 |    26 ||    80
         Distracted        |       |     2 |     1 |     2 ||     5
         Held in net/web   |       |     1 |     1 |       ||     2
 Armour: Robe              |    20 |    40 |    58 |    13 ||   131
         Steam dragon scal |       |       |       |    75 ||    75
  Dodge: Dodged            |    29 |    61 |    94 |   187 ||   371

Table legend: (Time is in decaauts)
 A = Elapsed time spent in this place.
 B = Non-inter-level travel time spent in this place.
 C = Inter-level travel time spent in this place.
 D = Time resting spent in this place.
 E = Time spent auto-exploring this place.
 F = Levels seen in this place.
 G = Mean time per level.
                   A        B        C        D        E       F      G
               +--------+--------+--------+--------+--------+-----+--------+
         Total |   8053 |   7468 |    585 |    244 |   5429 |  14 |  575.2 |
       Dungeon |   6750 |   6239 |    511 |    102 |   4828 |   9 |  750.0 |
        Temple |     45 |      5 |     40 |      0 |      0 |   1 |   45.0 |
  Orcish Mines |    555 |    525 |     30 |      0 |    349 |   2 |  277.5 |
   Elven Halls |    350 |    346 |      4 |     58 |    172 |   1 |  350.0 |
       Ossuary |    351 |    351 |      0 |     82 |     79 |   1 |  351.0 |
               +--------+--------+--------+--------+--------+-----+--------+

Top non-repeatable levels by time:
     D:7: 1144 daAuts
     D:6: 1129 daAuts
     D:4: 955 daAuts
     D:5: 894 daAuts
     D:1: 835 daAuts
     D:2: 784 daAuts
     D:8: 628 daAuts
   Orc:1: 442 daAuts
 Ossuary: 351 daAuts
   Elf:1: 350 daAuts
     D:9: 249 daAuts
     D:3: 128 daAuts
   Orc:2: 113 daAuts
  Temple: 45 daAuts
